Map: [G8] Babylon

Players

HeroMarine - Winner!

  • Race: Terran Terran
  • Spawn Location: 11:00

herO

  • Race: Protoss Protoss
  • Spawn Location: 5:00

Event: Gamers8 2023

VOD

Have the link to the VOD?

Description

Time

  • Played on: Aug. 3, 2023, 7:06 a.m.
  • Length: 18:07

All games in this series

Show
View Real Time Build Order
Export as new Build Order

HeroMarine Terran - Winner!

Build Orders:  

Get SALT Encoding   

  12  0:00  SCV  
  13  0:12  SCV  
  14  0:17  Supply Depot  
  14  0:24  SCV  
  15  0:38  SCV  
  15  0:39  Barracks  
  16  0:44  Refinery  
  16  0:50  SCV  
  17  1:02  SCV  
  18  1:15  SCV  
  19  1:26  Barracks Reactor  
  19  1:27  Orbital Command  
  19  1:40  Command Center  
  19  1:48  Supply Depot  
  19  1:52  SCV  
  20  2:02  Marine x2  
  20  2:04  SCV  
  23  2:09  Factory  
  23  2:17  SCV  
  23  2:20  Marine x2  
  26  2:24  Refinery  
  26  2:29  SCV  
  27  2:37  Marine  
  27  2:38  Marine  
  27  2:41  SCV  
  30  2:53  Starport, Hellion, SCV  
  30  2:57  Orbital Command  
  33  2:59  Marine  
  33  3:02  Marine  
  35  3:07  SCV  
  36  3:16  Supply Depot  
  36  3:18  Marine  
  36  3:19  SCV  
  38  3:20  Marine  
  38  3:22  Factory Tech Lab  
  38  3:24  SCV  
  40  3:31  SCV  
  40  3:33  Starport Tech Lab  
  40  3:36  Marine, SCV  
  40  3:41  Siege Tank  
  45  3:42  Marine  
  45  3:43  SCV  
  45  3:47  Supply Depot  
  45  3:48  SCV  
  48  3:55  Raven, SCV  
  51  4:00  SCV  
  51  4:02  Barracks  
  52  4:06  Engineering Bay  
  52  4:07  SCV  
  53  4:10  Marine  
  53  4:12  SCV  
  53  4:13  Marine  
  56  4:18  Supply Depot  
  56  4:22  Barracks  
  56  4:24  SCV  
  57  4:25  SCV  
  57  4:29  Raven  
  60  4:33  Terran Infantry Weapons Level 1  
  60  4:37  SCV, Missile Turret  
  61  4:40  SCV  
  61  4:43  Marine, Refinery  
  63  4:46  Marine  
  63  4:49  SCV  
  63  4:52  SCV  
  62  5:01  Marine, Stimpack  
  62  5:02  Marine  
  62  5:04  Marine, SCV x2  
  66  5:16  SCV x2  
  66  5:17  Factory Tech Lab  
  68  5:21  Refinery  
  68  5:22  Marine x2  
  68  5:24  Marine, Starport Reactor  
  70  5:29  Supply Depot  
  70  5:34  Marine, Supply Depot  
  70  5:35  SCV x2  
  73  5:36  Combat Shield  
  73  5:39  Siege Tank  
  76  5:44  Marine, Supply Depot  
  76  5:47  SCV  
  78  5:51  Marine, SCV  
  81  5:59  Marauder x2, SCV  
  81  6:03  SCV  
  84  6:06  Medivac x2  
  84  6:11  SCV  
  89  6:12  Supply Depot  
  89  6:15  Marine x2, SCV  
  92  6:20  Marauder  
  92  6:21  Marauder  
  96  6:26  Factory Reactor  
  96  6:28  Terran Infantry Armor Level 1  
  96  6:29  Supply Depot  
  96  6:33  Marine  
  96  6:34  Marine  
  90  6:41  Medivac, Marauder  
  90  6:43  Marauder  
  90  6:46  Medivac  
  98  6:53  Command Center  
  98  6:58  Marine  
  98  6:59  Marine  
  99  7:01  SCV x2  
  99  7:03  Marauder  
  99  7:04  Marauder  
  108  7:08  Widow Mine x2  
  108  7:13  Concussive Shells  
  108  7:16  Marine  
  109  7:24  Marauder  
  109  7:25  Marauder, Marine  
  109  7:29  SCV x2  
  116  7:31  Supply Depot  
  116  7:32  Supply Depot  
  116  7:34  Marine  
  117  7:41  SCV  
  117  7:43  Marine, SCV  
  118  7:46  Marauder  
  118  7:52  Marine  
  118  7:53  Marauder, SCV  
  115  7:59  Widow Mine  
  115  8:00  Widow Mine  
  115  8:01  Marine  
  120  8:08  Marauder, Orbital Command  
  120  8:10  Medivac x2, Marine  
  129  8:14  Marauder  
  129  8:19  Marine  
  130  8:25  Ghost Academy  
  130  8:26  Barracks, Widow Mine x2  
  134  8:27  Barracks  
  134  8:28  Marine  
  134  8:29  Marauder  
  137  8:36  Marauder  
  137  8:39  Marine  
  140  8:43  Medivac x2  
  140  8:45  Marine, SCV x2  
  140  8:47  Widow Mine  
  145  8:50  Marauder  
  121  8:57  Marauder, Marine  
  121  8:58  SCV  
  112  9:03  Marine  
  112  9:04  Orbital Command  
  112  9:06  Widow Mine  
  112  9:09  Widow Mine  
  117  9:12  Marauder  
  117  9:13  Barracks Reactor  
  117  9:14  Ghost  
  117  9:15  Marine  
  126  9:17  SCV x2  
  126  9:18  Marauder  
  126  9:19  Viking x2  
  126  9:21  Marine  
  131  9:26  Supply Depot  
  131  9:29  SCV  
  131  9:30  SCV x2  
  134  9:32  Ghost  
  134  9:33  Marine  
  134  9:34  Bunker  
  137  9:39  Widow Mine x2  
  137  9:40  Marauder  
  137  9:41  SCV  
  137  9:42  Supply Depot  
  137  9:44  Marauder  
  146  9:48  Armory  
  146  9:52  Viking, Marine  
  148  9:53  Marine  
  148  9:56  Viking  
  148  9:58  SCV  
  148  9:59  SCV  
  141  10:00  Ghost  
  141  10:05  SCV  
  144  10:08  Marine  
  144  10:09  Marine  
  144  10:10  SCV  
  144  10:11  Marine, SCV  
  144  10:13  Marine  
  150  10:17  SCV  
  150  10:19  Marine  
  150  10:20  Marine  
  151  10:22  SCV  
  151  10:23  SCV  
  151  10:26  Marine x2  
  151  10:27  Widow Mine  
  153  10:28  Supply Depot  
  153  10:29  SCV  
  153  10:30  Medivac  
  152  10:36  Marauder  
  152  10:37  Marine x2  
  152  10:38  Terran Infantry Weapons Level 2  
  152  10:42  SCV x2  
  152  10:43  SCV  
  152  10:44  Marauder  
  152  10:47  Marauder  
  152  10:52  Widow Mine x2  
  152  10:53  Medivac, Marine x2  
  152  10:54  SCV  
  154  10:57  Marine x2  
  154  10:58  Marauder  
  155  11:05  Marine  
  155  11:08  Marine  
  155  11:09  Medivac  
  159  11:11  Marine x2  
  159  11:13  Widow Mine x2  
  159  11:15  Marine  
  159  11:16  Marine  
  167  11:19  Marauder  
  167  11:24  Marauder  
  171  11:26  Marauder  
  171  11:27  Viking  
  171  11:29  Marine x2  
  173  11:35  Refinery  
  173  11:39  Widow Mine  
  173  11:48  Marauder, Widow Mine  
  173  11:49  Viking, Marine x3  
  173  11:50  Marauder  
  173  11:52  Marauder  
  178  11:54  Marine  
  178  11:57  Viking  
  178  12:01  Supply Depot  
  181  12:07  Marine  
  180  12:10  Marauder  
  180  12:11  Marauder  
  180  12:13  Marauder  
  184  12:19  Viking, Marine  
  184  12:22  Starport  
  181  12:24  Marine x2  
  181  12:27  Viking, Marine  
  150  12:31  Marauder  
  150  12:32  Marauder  
  150  12:34  Marauder  
  152  12:41  Command Center  
  152  12:42  Marine  
  152  12:44  Marine, Refinery  
  153  12:49  Viking  
  152  12:52  Marauder  
  152  12:54  Marauder  
  152  12:56  Marauder  
  152  12:57  Marine x2  
  160  12:59  Viking x2  
  162  13:12  Marine  
  148  13:14  Marauder  
  148  13:15  Marauder  
  148  13:18  Liberator, Ghost  
  157  13:28  Terran Infantry Weapons Level 3  
  157  13:31  Medivac, Engineering Bay  
  157  13:33  Medivac  
  157  13:36  Marauder  
  157  13:38  Marauder  
  157  13:40  Marine  
  162  13:47  Marine x2  
  162  13:48  Marauder  
  163  13:51  Marine  
  161  13:57  Marauder  
  161  14:05  Marauder  
  161  14:06  Marine  
  161  14:09  Marauder  
  164  14:12  Marine x2  
  164  14:19  Marauder  
  164  14:21  Marine  
  156  14:24  Marine, SCV x2  
  156  14:26  Marauder  
  156  14:29  Liberator  
  160  14:35  Liberator x2  
  164  14:39  Liberator  
  164  14:43  Marauder  
  163  14:50  Marauder  
  163  14:51  Marine x2  
  155  14:55  Marauder  
  155  14:56  Marine  
  144  15:00  Planetary Fortress  
  144  15:12  Liberator  
  131  15:14  Marauder  
  131  15:17  Liberator  
  136  15:23  Marauder  
  136  15:24  Marine  
  136  15:25  Marauder, Marine  
  142  15:34  Marine x2  
  139  15:36  Marauder  
  139  15:42  Marine  
  141  15:43  Missile Turret  
  141  15:45  Marauder  
  138  15:50  Marauder  
  138  15:55  Marine x2  
  134  15:57  Marauder, Marine  
  134  16:00  Marine  
  138  16:06  Marauder  
  138  16:10  Marine  
  141  16:12  Marine  
  141  16:13  Marine  
  141  16:15  Marine, Sensor Tower  
  141  16:18  Marine  
  144  16:19  Marauder  
  145  16:28  Marauder, Ghost  
  145  16:30  Marine x2  
  151  16:39  Ghost  
  144  16:42  Marine  
  144  16:43  Marine  
  148  16:48  Ghost  
  148  16:49  Marine x2  
  143  16:56  Ghost  
  143  17:00  Marine x2  
  141  17:01  Medivac x3  
  141  17:02  Medivac  
  141  17:07  Marine x2  
  147  17:09  Marauder  
  146  17:18  Marauder, Marine x2  
  150  17:24  Marine x2  
  150  17:26  Marauder  
  154  17:30  Marauder  
  154  17:31  Viking x2  
  154  17:36  Marine  
  148  17:39  Marauder  
  149  17:46  Marine  
  149  17:47  Marine  
Show
View Real Time Build Order
Export as new Build Order

herO Protoss 

Build Orders: 1 Gate Expand, Phoenix Opening, Archon Immortal, Dark Templar Rush 

Get SALT Encoding   

  12  0:00  Probe  
  13  0:12  Probe  
  14  0:17  Pylon  
  14  0:24  Probe (Chrono Boost)  
  14  0:28  Assimilator  
  16  0:36  Probe (Chrono Boost)  
  16  0:43  Probe (Chrono Boost)  
  16  0:46  Gateway  
  17  0:50  Probe  
  18  1:03  Probe  
  19  1:15  Probe  
  20  1:24  Nexus  
  20  1:34  Cybernetics Core  
  20  1:36  Probe  
  21  1:41  Assimilator  
  21  1:48  Probe  
  21  1:51  Pylon  
  22  2:00  Probe  
  23  2:10  Sentry (Chrono Boost)  
  23  2:11  Warp Gate  
  23  2:13  Probe  
  26  2:20  Twilight Council  
  26  2:24  Adept (Chrono Boost)  
  26  2:25  Probe (Chrono Boost)  
  29  2:30  Shield Battery  
  29  2:32  Phoenix  
  31  2:37  Probe (Chrono Boost)  
  31  2:38  Probe (Chrono Boost)  
  31  2:45  Probe x2 (Chrono Boost)  
  33  2:51  Probe x2  
  33  2:57  Robotics Facility  
  35  3:01  Adept  
  35  3:04  Probe  
  35  3:05  Probe  
  39  3:15  Dark Shrine  
  39  3:21  Gateway  
  39  3:24  Gateway  
  39  3:27  Probe  
  39  3:28  Probe  
  41  3:39  Probe  
  41  3:40  Warp Prism (Chrono Boost), Probe  
  43  3:46  Pylon  
  45  3:52  Assimilator  
  45  3:54  Assimilator, Probe  
  46  4:01  Pylon  
  46  4:06  Probe (Chrono Boost)  
  46  4:08  Probe (Chrono Boost)  
  48  4:12  Templar Archives  
  48  4:16  Probe (Chrono Boost)  
  50  4:18  Probe (Chrono Boost), Observer  
  50  4:21  Probe (Chrono Boost)  
  50  4:22  Stalker  
  54  4:25  Stalker  
  54  4:28  Probe  
  54  4:29  Pylon  
  57  4:32  Probe  
  58  4:39  Nexus  
  58  4:43  Psionic Storm  
  58  4:44  Pylon  
  58  4:45  Probe  
  59  5:02  Charge (Chrono Boost)  
  59  5:05  Gateway  
  59  5:06  High Templar  
  61  5:07  Gateway  
  61  5:08  High Templar  
  61  5:13  Gateway  
  63  5:18  Gateway  
  63  5:26  High Templar  
  61  5:28  Gateway  
  61  5:30  Shield Battery, Probe x2  
  61  5:35  Shield Battery  
  63  5:42  Probe x2  
  65  5:51  Immortal (Chrono Boost)  
  65  5:52  High Templar  
  65  5:54  Probe x3  
  74  5:58  Pylon  
  72  6:06  Probe x2  
  72  6:07  Probe  
  73  6:18  Probe x2  
  74  6:19  Probe  
  74  6:20  Zealot x3, High Templar  
  74  6:24  High Templar  
  86  6:30  Immortal, Probe  
  91  6:33  Probe x2  
  93  6:42  Probe  
  93  6:45  Probe  
  93  6:46  Archon, Probe  
  94  6:49  Pylon  
  94  6:54  Probe  
  94  6:56  Pylon  
  94  6:57  Pylon  
  94  6:58  Pylon, Zealot x2, High Templar  
  97  7:04  Blink (Chrono Boost)  
  97  7:07  High Templar  
  97  7:08  Zealot x4  
  106  7:12  Assimilator  
  106  7:14  Assimilator  
  106  7:15  Pylon  
  106  7:17  Shield Battery  
  106  7:19  Probe x2  
  106  7:20  Probe  
  109  7:28  Stalker x3  
  115  7:34  Zealot x2  
  119  7:38  High Templar  
  119  7:39  Zealot  
  119  7:43  Probe x2  
  119  7:44  Immortal (Chrono Boost), Probe  
  111  7:59  Shield Battery, Probe x3  
  111  8:04  Stalker x2  
  112  8:13  Probe x2  
  112  8:14  Probe  
  112  8:19  Zealot x4  
  123  8:23  Pylon  
  123  8:26  Pylon  
  123  8:30  Forge  
  123  8:40  Stalker  
  125  8:41  Immortal  
  123  8:50  Archon  
  123  8:52  Zealot x7  
  109  9:04  Probe x3  
  112  9:10  High Templar  
  112  9:16  Zealot x5, Robotics Bay  
  124  9:22  Protoss Ground Weapons Level 1 (Chrono Boost)  
  123  9:24  Robotics Facility  
  123  9:27  Zealot x2  
  127  9:32  Pylon  
  127  9:37  Observer (Chrono Boost)  
  128  9:40  High Templar  
  128  9:42  Photon Cannon, High Templar x2  
  134  9:51  Nexus  
  134  9:54  Shield Battery  
  130  10:00  Probe x3  
  130  10:04  Shield Battery  
  132  10:07  High Templar x2  
  132  10:08  Zealot x3  
  132  10:11  Archon  
  132  10:12  Probe  
  143  10:16  Colossus (Chrono Boost)  
  145  10:22  Colossus (Chrono Boost)  
  149  10:30  Pylon x2  
  149  10:34  Archon  
  139  10:36  Stalker x2  
  139  10:40  Stalker  
  113  10:50  Zealot x5  
  117  11:01  High Templar  
  117  11:02  High Templar  
  119  11:10  High Templar  
  119  11:11  Nexus, Stalker x3  
  122  11:21  Observer (Chrono Boost)  
  119  11:30  Stalker x2  
  121  11:40  Disruptor (Chrono Boost)  
  121  11:42  Zealot x6, Disruptor (Chrono Boost)  
  139  11:53  Photon Cannon  
  133  11:59  Probe  
  133  12:00  Probe x2  
  130  12:06  Disruptor (Chrono Boost)  
  130  12:08  Colossus (Chrono Boost)  
  122  12:12  Probe  
  122  12:15  Zealot, High Templar  
  134  12:16  Zealot x2  
  134  12:17  Observer  
  128  12:23  Archon  
  128  12:28  Stalker  
  113  12:31  Stalker x2  
  115  12:40  Probe  
  115  12:41  Probe  
  115  12:42  Stalker x2  
  121  12:49  Disruptor (Chrono Boost)  
  117  12:56  Probe x3  
  117  12:57  Probe  
  121  13:03  Observer (Chrono Boost)  
  108  13:15  Disruptor (Chrono Boost)  
  108  13:17  Zealot x5  
  122  13:27  Probe x4  
  122  13:29  Disruptor  
  128  13:36  Protoss Ground Armor Level 1 (Chrono Boost)  
  121  13:49  Stalker x3  
  121  13:50  Disruptor  
  120  14:14  Archon  
  108  14:23  Pylon  
  106  14:26  Pylon  
  106  14:28  Disruptor (Chrono Boost)  
  100  14:36  Pylon x2  
  102  14:46  Nexus  
  102  14:50  Zealot x3  
  101  15:01  High Templar  
  101  15:02  Zealot, High Templar x3  
  101  15:06  Archon x2  
  109  15:20  Stalker x2  
  113  15:26  Observer  
  111  16:08  Colossus (Chrono Boost)  
  109  16:20  Stalker  
  109  16:21  Stalker x4  
  113  16:39  Zealot x2  
  115  16:40  Zealot  
  115  16:45  Zealot x4  
  125  16:54  Colossus (Chrono Boost)  
  120  17:33  Zealot x7  
Tags
 
Add a new tag
Caveats
  • Supply blocks, unpowered buildings, or Contaminate may cause inaccurate times.
  • Supply counts are checked every 10 seconds.